 Dungeon Crawl Stone Soup version 0.29.1-14-g9c671dbff4 (webtiles) character file.

Game seed: 935026728584495085

51 Descartes the Ducker (level 3, -5/17 HPs)
             Began as a Felid Monk on Feb 19, 2023.
             Killed by divine providence
             ... invoked by an orc priest
              (10 damage)
             ... on level 3 of the Dungeon.
             The game lasted 00:02:20 (2037 turns).

Descartes the Ducker (Felid Monk)                   Turns: 2037, Time: 00:02:20

Health: -5/17      AC:  1    Str:  9    XL:     3   Next: 58%
Magic:  4/4        EV: 19    Int: 11    God:
Gold:   196        SH:  0    Dex: 18    Spells: 2/2 levels left
                                        Lives:  0   Deaths: 0

rFire   . . .      SeeInvis +     - Unarmed
rCold   . . .      Faith    .   (shield unavailable)
rNeg    . . .      Spirit   .   (body armour unavailable)
rPois   .          Reflect  .   (helmet unavailable)
rElec   .          Harm     .   (cloak unavailable)
rCorr   .          Rampage  .   (gloves unavailable)
Will    .....                   (boots unavailable)
Stlth   +++.......              (no amulet)
HPRegen 0.05/turn               (no ring)
MPRegen 0.09/turn               (no ring)

@: quick
A: very small, claws 1, fangs 3, see invisible, speed 1, shaggy fur 1, stealthy
paws, no weapons or thrown items, no armour, multi-lived
a: no special abilities


You were on level 3 of the Dungeon.
You visited 1 branch of the dungeon, and saw 3 of its levels.

You collected 196 gold pieces.

Inventory:

Wands
 m - a wand of paralysis (8)
Scrolls
 c - 3 scrolls of teleportation {unknown}
 d - a scroll of vulnerability {unknown}
 f - 3 scrolls of identify {unknown}
 h - a scroll of butterflies {unknown}
 i - a scroll of amnesia {unknown}
 j - a scroll of poison {unknown}
Potions
 a - a potion of ambrosia
 b - a potion of curing {unknown}
 e - 3 potions of attraction {unknown}
 g - 3 potions of heal wounds {unknown}
 k - a potion of resistance {unknown}
 l - a potion of mutation {unknown}


   Skills:
 + Level 3.4 Fighting
 + Level 4.6 Dodging
 + Level 3.7 Stealth
 + Level 3.4 Unarmed Combat


You had 2 spell levels left.
You didn't know any spells.
Your spell library contained the following spells:

 Spells                   Type           Power      Damage    Failure   Level
 Shock                    Conj/Air       0%         1d3       34%         1
 Poisonous Vapours        Pois/Air       0%         N/A       47%         2
 Swiftness                Air            0%         N/A       71%         3
 Airstrike                Air            0%         2d(0-16)  98%         4
 Corpse Rot               Necr/Pois/Air  0%         N/A       98%         4


Dungeon Overview and Level Annotations

Branches:
Dungeon (3/15)

Altars:

Shops:
D:2 :


Innate Abilities, Weirdness & Mutations

You have sharp claws.
You have razor-sharp teeth.
You have supernaturally acute eyesight. (SInv)
You cover ground quickly. (Speed+)
You are covered in fur. (AC +1)
Your paws help you pounce on unaware monsters.
You are incapable of wielding weapons or throwing items.
You cannot wear armour.
You gain extra lives every three experience levels.


Message History

You pick up a book of Air and begin reading...
You add the spells Shock, Swiftness and Airstrike to your library.
You now have 182 gold pieces (gained 2).
l - a pink potion You see here a +0 whip.
There is a stone staircase leading up here.
There is a stone staircase leading down here.
m - a wand of paralysis (8)
Okay, then.
You now have 196 gold pieces (gained 14).
Things that are here:
a +0 dagger; 5 stones Done exploring.
Done exploring.
There is a stone staircase leading down here.
You climb downwards.
Found a pitted chain mail.
Found a stone staircase leading up.
There is a stone staircase leading up here.
No target in view!
Found a stone staircase leading down.
You see here the +0 chain mail "Etwidic" {-Cast rF+ rC+ Str+7}.
Found a quarterstaff.
An orc comes into view. It is wielding a +0 dagger.
An orc comes into view. It is wielding a +0 club.
An endoplasm and an orc priest come into view.
The orc shouts!
The orc priest shouts!
You hear a shout!
The orc priest casts a cantrip, but nothing happens.
A kobold comes into view. It is wielding a +0 dagger.
A frilled lizard comes into view.
The orc priest invokes the aid of Beogh against you.
Beogh smites you!
Ouch! That really hurt!
* * * LOW HITPOINT WARNING * * *
The orc closely misses you.
The endoplasm quivers.
The frilled lizard hisses angrily.
The orc priest mumbles some strange prayers to Beogh against you.
Beogh smites you!
Ouch! That really hurt!
You die...

................#.#.
#.........#..........<....
###.l..)....................
.................##.#...#...
#............>..[......##..
#.......#..##..##......# ..
#......##..##..##.....## .
##...J..##.............#
...Ko.o.o..@...........+
.............#..##.....#
##...........#...#####.#
#...........#..... .#
#..................
................##..#
##..#####.......# #.. ...
#....#...


You could see an orc priest, 2 orcs and an endoplasm.

Vanquished Creatures
  A worm (D:2)
  4 ball pythons
  3 bats
  2 endoplasms
  3 giant cockroaches
  A goblin (D:1)
  5 hobgoblins
  2 jackals (D:1)
  8 kobolds
  3 quokkas
  4 frilled lizards (D:1)
  6 rats
42 creatures vanquished.

Notes
Turn   | Place    | Note
-------+----------+-------------------------------------------
     0 | D:1      | Descartes the Felid Monk began the quest for the Orb.
     0 | D:1      | Reached XP level 1. HP: 10/10 MP: 2/2
   142 | D:1      | Reached XP level 2. HP: 14/14 MP: 3/3
   574 | D:1      | Reached XP level 3. HP: 14/17 MP: 4/4
   893 | D:1      | Found a faded altar of an unknown god.
  1610 | D:2      | Found Kiusaabb's Vocational Training.
  2021 | D:3      | Identified the +0 chain mail "Etwidic" {-Cast rF+ rC+
                  | Str+7}
  2037 | D:3      | Killed from afar by an orc priest

Illustrated notes

Levels and vault maps discovered:
D:1:      dpeg_chamrin_arrival_tetris, layout_basic,
          hellmonk_ecumenical_altar_leap_of_faith, columned_hall_lemuel,
          minmay_tall_x
D:2:      layout_loops_cross, nicolae_shop_vocational
D:3:      gammafunk_steamed_eel, layout_basic, fedhas_altar_3,
          nicolae_ru_awakened_eye, nicolae_qazlal_general_emergency,
          uniq_natasha, uniq_crazy_yiuf_cottage

Skill      XL: |  1 |
---------------+----+-----
Stealth        | 3 |  3.7
Fighting       | |  3.4
Dodging        | |  4.6
Unarmed Combat | |  3.4

Action                   || total
-------------------------++-------
Melee: Unarmed           ||    94
       Bite              ||     9
       Punch             ||     2
 Stab: Sleeping          ||     8
Armor: Skin              ||     5
Dodge: Dodged            ||    66
